Map: 匹昂台地

Players

shengy

  • Race: Zerg Zerg
  • League: Gold

Shnigles - Winner!

  • Race: Zerg Zerg
  • League: Gold

VOD

Have the link to the VOD?

Description

Time

  • Played on: Nov. 25, 2015, 9:13 p.m.
  • Length: 12:40
Show
View Real Time Build Order
Export as new Build Order

shengy Zerg 

Build Orders: Hatch First, Muta Ling Bane 

Get SALT Encoding   

  12  0:01  Drone  
  13  0:09  Drone  
  14  0:17  Overlord  
  15  0:35  Drone  
  15  0:36  Drone x2  
  17  0:48  Drone  
  18  0:57  Hatchery  
  18  1:02  Drone  
  18  1:07  Extractor  
  18  1:11  Drone  
  18  1:24  Spawning Pool  
  17  1:32  Drone x2  
  19  1:47  Drone  
  20  1:56  Overlord  
  20  2:10  Queen  
  20  2:12  Zergling x4  
  20  2:14  Metabolic Boost  
  24  2:20  Queen  
  24  2:22  Zergling x2  
  27  2:47  Drone x3  
  30  2:51  Baneling Nest  
  30  2:55  Spine Crawler  
  28  3:06  Queen  
  28  3:07  Drone x4  
  34  3:30  Spine Crawler  
  34  3:31  Spine Crawler  
  34  3:33  Queen  
  34  3:39  Zergling x4  
  28  4:25  Zergling x6  
  28  4:26  Zergling x10  
  28  5:06  Baneling x3  
  28  5:14  Overlord  
  28  5:16  Zergling x10  
  28  5:17  Zergling x4  
  35  5:31  Extractor  
  35  5:32  Overlord x2  
  34  5:56  Baneling x7  
  34  6:00  Drone x4  
  34  6:01  Drone x2  
  39  6:08  Lair  
  39  6:11  Drone x3  
  42  6:12  Drone  
  42  6:14  Drone  
  42  6:15  Extractor  
  43  6:24  Drone x4  
  47  6:43  Drone x4  
  47  6:44  Hatchery  
  47  6:46  Extractor, Drone  
  50  6:48  Overlord x2  
  47  7:03  Drone x2  
  47  7:04  Drone x2  
  47  7:05  Overlord  
  51  7:11  Spire  
  50  7:26  Hatchery  
  50  7:29  Overlord  
  49  7:30  Drone x3  
  52  7:41  Drone x2  
  52  7:42  Evolution Chamber  
  52  7:43  Evolution Chamber  
  52  7:49  Drone  
  54  7:51  Drone x3  
  56  8:22  Spine Crawler  
  56  8:26  Spine Crawler x2  
  53  8:28  Mutalisk x4  
  53  8:29  Spine Crawler, Mutalisk  
  62  8:40  Centrifical Hooks  
  62  8:43  Overseer  
  62  8:46  Mutalisk x3  
  68  8:52  Queen  
  70  9:00  Mutalisk x2  
  71  9:22  Zerg Flyer Weapons Level 1  
  71  9:48  Extractor, Drone x6  
  71  9:51  Mutalisk x5  
  84  10:28  Zergling x14  
  88  10:29  Zergling x10  
  88  10:30  Hydralisk Den  
  93  10:47  Zergling x6  
  96  11:09  Mutalisk x2  
  96  11:13  Overlord x3  
  96  11:14  Overlord  
  94  11:28  Overseer  
  94  11:43  Drone  
  94  11:44  Drone x5  
  100  11:48  Extractor, Drone x4  
  100  11:49  Drone x2  
  105  11:54  Hatchery  
  105  11:56  Baneling x3  
  105  11:58  Hatchery  
  105  12:00  Mutalisk  
  105  12:01  Mutalisk x4  
Show
View Real Time Build Order
Export as new Build Order

Shnigles Zerg - Winner!

Build Orders: Pool First 

Get SALT Encoding   

  12  0:07  Drone  
  13  0:14  Overlord  
  13  0:23  Drone  
  13  0:26  Extractor  
  13  0:27  Drone  
  14  0:41  Spawning Pool  
  13  0:51  Drone x2  
  13  0:55  Drone  
  16  1:04  Drone  
  17  1:14  Drone  
  18  1:28  Metabolic Boost  
  18  1:32  Queen  
  20  1:34  Zergling x2  
  21  1:48  Roach Warren  
  20  1:59  Overlord  
  20  2:00  Drone  
  20  2:01  Drone  
  22  2:30  Roach x2  
  26  2:41  Roach  
  26  2:42  Roach  
  26  2:43  Overlord  
  26  2:44  Overlord  
  30  3:02  Roach x2  
  34  3:08  Roach  
  36  3:25  Zergling x4  
  36  3:26  Zergling x2  
  39  3:28  Hatchery  
  38  3:35  Zergling x2  
  38  3:41  Queen  
  39  3:43  Zergling x2  
  39  3:48  Zergling x6  
  39  4:50  Drone x5  
  39  4:51  Drone x2  
  36  4:54  Drone  
  32  5:06  Zergling x4  
  34  5:21  Extractor  
  33  5:25  Spine Crawler  
  33  5:26  Queen x2  
  33  5:27  Spine Crawler  
  35  5:34  Overlord x2  
  35  5:36  Drone x5  
  40  5:46  Drone x2  
  42  6:02  Drone  
  42  6:03  Drone x4  
  47  6:07  Lair  
  47  6:18  Roach x4  
  53  6:19  Roach  
  57  6:32  Hatchery  
  56  6:42  Evolution Chamber  
  56  6:43  Roach x2  
  56  6:45  Evolution Chamber  
  54  6:58  Roach  
  54  6:59  Roach x3  
  54  7:17  Zerg Missile Weapons Level 1  
  54  7:18  Drone  
  54  7:19  Drone x4  
  54  7:22  Extractor  
  58  7:23  Extractor  
  58  7:29  Spore Crawler  
  56  7:32  Spore Crawler  
  55  7:38  Drone x4  
  55  7:40  Overlord x2  
  59  7:50  Zerg Ground Armor Level 1  
  59  7:54  Glial Reconstitution  
  59  7:58  Overlord x4  
  59  8:00  Drone x3  
  62  8:19  Overseer  
  62  8:27  Hatchery  
  61  8:37  Drone x6  
  61  8:38  Hydralisk Den, Drone x2  
  68  8:54  Roach  
  68  8:55  Roach  
  72  9:04  Roach x5  
  72  9:05  Roach  
  84  9:21  Lurker Den  
  84  9:42  Spire  
  84  9:43  Overseer  
  83  9:48  Roach x3  
  83  9:49  Roach x6  
  83  9:50  Roach x2  
  103  10:03  Spore Crawler  
  102  10:07  Spore Crawler  
  102  10:11  Spore Crawler  
  100  10:16  Spore Crawler  
  100  10:18  Hydralisk x3  
  100  10:20  Overlord x2  
  100  10:21  Overlord x2  
  105  10:39  Drone x5  
  105  10:40  Drone x7  
  109  11:04  Hydralisk  
  109  11:05  Hydralisk x6  
  109  11:10  Hydralisk x3  
  119  11:23  Hydralisk  
  119  11:25  Overlord x3  
  121  11:43  Spore Crawler, Overlord x2  
  118  12:06  Drone x2  
  118  12:07  Drone x6  
  118  12:08  Drone x3  
Tags
 
Add a new tag
Caveats
  • Supply blocks, unpowered buildings, or Contaminate may cause inaccurate times.
  • Supply counts are checked every 10 seconds.